 Dungeon Crawl Stone Soup version 0.14.0-17-gc0b17a5 (webtiles) character file.

569 sprout the Skirmisher (level 6, -2/56 HPs)
             Began as a Hill Orc Chaos Knight on Apr 18, 2014.
             Was a Plaything of Xom.
             Slain by Grinder (3 damage)
             ... on Level 3 of the Dungeon.
             The game lasted 00:06:49 (2020 turns).

sprout the Skirmisher (Hill Orc Chaos Knight)       Turns: 2020, Time: 00:06:49

HP  -2/56        AC  6     Str 15      XL: 6   Next: 78%
MP   6/6         EV 12     Int 12      God: Xom
Gold 182         SH  0     Dex 12      Spells:  0 memorised,  5 levels left

rFire  . . .     SeeInvis .     a - +1 spear (chaos)
rCold  . . .     Clarity  .     b - +3 leather armour
rNeg   . . .     Conserve .     (no shield)
rPois  .         rCorr    .     (no helmet)
rElec  .         rRot     .     (no cloak)
SustAb . .       Spirit   .     (no gloves)
rMut   .         Warding  .     (no boots)
Saprov + . .     Stasis   .     (no amulet)
MR     .....                    (no ring)
                                (no ring)

@: not resistant to hostile enchantments, unstealthy
A: saprovore 1
a: Renounce Religion


You were on level 3 of the Dungeon.
You worshipped Xom.
You were a toy of Xom.
You were not hungry.

You visited 1 branch of the dungeon, and saw 3 of its levels.

You collected 182 gold pieces.

Inventory:

Hand weapons
 a - a +1,+1 spear of chaos (weapon)
Armour
 b - a +3 leather armour (worn)
Magical devices
 m - a wand of polymorph (7) {unknown}
Comestibles
 c - a meat ration
Scrolls
 f - 3 scrolls of identify
 h - a scroll of magic mapping
 n - a scroll of enchant armour
 o - a scroll of amnesia {unknown}
Jewellery
 d - an uncursed ring of flight {unknown}
Potions
 e - 2 potions of curing
 g - a potion of haste {unknown}
 i - a potion of confusion {unknown}
 j - a potion of brilliance {unknown}
 k - a potion of agility
 l - 2 potions of heal wounds {unknown}


   Skills:
 + Level 5.0 Fighting
 + Level 4.6 Polearms
 + Level 3.1 Armour
 + Level 3.4 Dodging
 + Level 1.8 Stealth


You had 5 spell levels left.
You didn't know any spells.

Dungeon Overview and Level Annotations

Branches:
Dungeon (3/15)

Altars:

Annotations:
D:3 Grinder


Innate Abilities, Weirdness & Mutations

You can tolerate rotten meat.


Message History

Grinder is heavily wounded.
Grinder zaps a wand.
The puff of flame hits you!
You closely miss Grinder.
Grinder is heavily wounded.
Grinder hits you.
You hit Grinder but do no damage.
Grinder is heavily wounded.
Grinder hits you.
You writhe in agony.
* * * LOW HITPOINT WARNING * * *
You hit Grinder. You burn Grinder.
Grinder is severely wounded.
Grinder hits you!
* * * LOW HITPOINT WARNING * * *
You writhe in agony.
* * * LOW HITPOINT WARNING * * *
You hit Grinder.
Grinder is almost dead.
Grinder hits you.
You die...
Xom bursts into laughter!

#.## #..## ##..#
##.# ###+####
####'#### #........
#.......# #........
+.......###.>$.....
#.......'.#5.......#
#.......#.'@%.....$#
#####+#####<.......#
####+#### # # # #
##+####### ###
########
#......(.###### #..


You could see Grinder.

Vanquished Creatures
  A boggart (D:3)
  The ghost of sprout the Sneak, an average VSAs (D:3)
  An orc priest (D:3)
  4 adders
  A worm (D:2)
  2 giant geckos (D:3)
  5 orcs (D:3)
  7 bats
  7 giant cockroaches
  3 goblins
  8 hobgoblins
  A quokka (D:3)
  A ball python (D:2)
  3 giant newts
  7 kobolds
  11 rats
63 creatures vanquished.

Vanquished Creatures (collateral kills)
  A goblin (D:2)
1 creature vanquished.

Grand Total: 64 creatures vanquished

Notes
Turn   | Place    | Note
--------------------------------------------------------------
     0 | D:1      | sprout, the Hill Orc Chaos Knight, began the quest for the Orb.
     0 | D:1      | Reached XP level 1. HP: 19/19 MP: 1/1
   118 | D:1      | Reached skill level 1 in Dodging
   118 | D:1      | Reached XP level 2. HP: 14/27 MP: 2/2
   156 | D:1      | Reached skill level 4 in Fighting
   503 | D:1      | XOM: harmless Summ miscast
   667 | D:2      | Reached XP level 3. HP: 28/33 MP: 3/3
   974 | D:2      | Reached skill level 1 in Stealth
  1060 | D:2      | Reached XP level 4. HP: 25/41 MP: 4/4
  1297 | D:3      | XOM: cast spell 'Ice Form'
  1343 | D:3      | Noticed sprout's ghost (average VSAs)
  1354 | D:3      | Killed sprout's ghost
  1354 | D:3      | Reached XP level 5. HP: 43/47 MP: 5/5
  1868 | D:3      | Noticed a boggart
  1868 | D:3      | a worm changed into a boggart
  1869 | D:3      | Killed a boggart
  1869 | D:3      | Reached XP level 6. HP: 49/55 MP: 6/6
  1975 | D:3      | Reached skill level 5 in Fighting
  1997 | D:3      | Noticed Grinder
  2019 | D:3      | HP: 1/56 [Grinder (5)]
  2020 | D:3      | Slain by Grinder

Action                   |  1- 3 |  4- 6 || total
-------------------------+-------+-------++-------
Melee: Spear             |   138 |   112 ||   250
  Use: Scroll            |     7 |     2 ||     9
       Potion            |       |     1 ||     1
 Stab: Confused          |     1 |       ||     1
       Paralysed         |     1 |       ||     1
       Petrified         |       |     3 ||     3
       Sleeping          |       |     1 ||     1
